 Dungeon Crawl Stone Soup version 0.30-a0-956-gcec3b41aec (webtiles) character file.

Game seed: 9189043419246677306

265 billz999 the Covert (level 6, -1/39 HPs)
             Began as an Octopode Brigand on Mar 29, 2023.
             Was an Initiate of Hepliaklqana.
             Killed from afar by Dowan (21 damage)
             ... with a shard of ice
             ... on level 4 of the Dungeon.
             The game lasted 00:06:04 (2580 turns).

billz999 the Covert (Octopode Brigand)              Turns: 2580, Time: 00:06:05

Health: -1/39      AC:  8    Str: 11    XL:     6   Next: 20%
Magic:  6/6        EV: 12    Int: 13    God:    Hepliaklqana [......]
Gold:   169        SH:  0    Dex: 15    Spells: 4/5 levels left

rFire   . . .      SeeInvis .    o - +1 short sword (protect)
rCold   . . .      Faith    .    (no shield)
rNeg    . . .      Spirit   .    (helmet restricted)
rPois   .          Reflect  .    (no amulet)
rElec   .          Rampage  .    (no ring)
rCorr   .                        (no ring)
Will    .....                    (no ring)
Stlth   +++++                    (no ring)
HPRegen 0.26/turn                (no ring)
MPRegen 0.10/turn                (no ring)
                                 (no ring)
                                 (no ring)

@: under a protective aura
A: almost no armour, amphibious, 8 rings, camouflage 1, gelatinous body 1,
(nimble swimmer 1), tentacles
a: Renounce Religion


You were on level 4 of the Dungeon.
You worshipped Hepliaklqana.
Hepliaklqana was noncommittal.
You visited 1 branch of the dungeon, and saw 4 of its levels.

You collected 169 gold pieces.

Inventory:

Hand Weapons
 a - a +2 dagger
 o - a +1 short sword of protection (weapon)
 u - a +0 short sword of draining
Missiles
 b - 5 poisoned darts (quivered)
 c - a curare-tipped dart
Scrolls
 d - a scroll of amnesia {unknown}
 f - a scroll of silence
 h - a scroll of teleportation {unknown}
 j - a scroll of enchant armour {unknown}
 k - 3 scrolls of identify
 l - a scroll of noise {unknown}
 m - 2 scrolls of fear {unknown}
 r - a scroll of poison {unknown}
Potions
 e - a potion of attraction {unknown}
 g - 3 potions of curing {unknown}
 i - 2 potions of heal wounds {unknown}
 n - a potion of brilliance {unknown}
 p - a potion of lignification {unknown}
 q - 2 potions of degeneration {unknown}
 s - a potion of flight {unknown}
 t - a potion of invisibility {unknown}


   Skills:
 - Level 2.0 Fighting
 - Level 2.0 Short Blades
 - Level 3.0 Throwing
 - Level 1.0 Dodging
 + Level 9.6 Stealth


You had 4 spell levels left.
You knew the following spells:

 Your Spells              Type           Power      Damage    Failure   Level
a - Necrotise             Necr           0%         1d4       30%         1

Your spell library contained the following spells:

 Spells                   Type           Power      Damage    Failure   Level
 Apportation              Tloc           0%         N/A       30%         1
 Summon Small Mammal      Summ           0%         N/A       30%         1
 Lesser Beckoning         Tloc           0%         N/A       43%         2
 Call Canine Familiar     Summ           0%         N/A       67%         3
 Gell's Gravitas          Tloc           0%         N/A       67%         3
 Portal Projectile        Hex/Tloc       0%         N/A       67%         3
 Teleport Other           Tloc           0%         N/A       67%         3
 Leda's Liquefaction      Hex/Erth       0%         N/A       97%         4


Dungeon Overview and Level Annotations

Branches:
Dungeon (4/15)
 Temple: D:4-7

Altars:
Hepliaklqana
Makhleb
Zin

Shops:
D:2 *

Annotations:
D:3 2 transporters, sirJeffrey23's ghost, amateur MfTm
D:4 Dowan


Innate Abilities, Weirdness & Mutations

You cannot wear most types of armour.
You are amphibious.
You can wear up to eight rings at the same time.
Your skin changes colour to match your surroundings (Stealth+).
Your rubbery body absorbs attacks. (AC +1, EV +1)
((You are camouflaged when in or above water. (Stealth+)))
You have tentacles for arms and can constrict up to eight enemies at once.


Message History

Dowan smirks and points a slender finger.
Dowan mumbles some strange words.
Dowan blinks!
Throw: 6 darts (poison)
Press: ? - help, Shift-Dir - straight line, f/p - Duvessa
Aim: Duvessa, wielding a +0 short sword and wearing a +0 ring mail (heavily wounded, very poisoned, slow, 68% to hit)
You throw a poisoned dart. The poisoned dart hits Duvessa.
Duvessa looks as sick as possible!
Duvessa is heavily wounded.
You kill Duvessa!
You hear a distant wail of despair.
Your Stealth skill increases to level 9!
You have reached level 6!
Dowan seems to find hidden reserves of power!
Dowan casts a spell.
Dowan blinks!
You completely miss Dowan. You grab Dowan. You constrict Dowan.
Dowan gestures at you while chanting. The shard of ice hits you!
Throw: 2 darts (curare)
Press: ? - help, Shift-Dir - straight line, f - Dowan
Aim: Dowan, wielding a +2 dagger of speed and wearing a +0 robe (constricted by you, fast, 90% to hit)
You throw a curare-tipped dart. The curare-tipped dart hits Dowan.
Dowan is poisoned.
Dowan convulses.
Dowan seems to slow down.
Dowan is moderately wounded.
You constrict Dowan. Dowan closely misses you.
You hit Dowan.
Your weapon exudes an aura of protection.
You squeeze Dowan.
Dowan is severely wounded.
You constrict Dowan.
Dowan hits you with a +2 dagger of speed.
You hit Dowan.
Dowan is almost dead.
You constrict Dowan. Dowan gestures at you while chanting.
The shard of ice hits you!!
Ouch! That really hurt!
You die...

#..#. ....# #..^
_...# #..# ....#
#..# ....# #..#
...
###..####^####..
##...............
###.........##....
###......####@# .
####.....#### #?e#
#.....#### #..#
....### #(## ..###
#.# .## #.# .# #)#
.# (.# ## ((#


You could see Dowan (fast, very poisoned, slow).

Vanquished Creatures
  Duvessa (D:4)
  A black bear (D:4)
  A gnoll (D:1)
  2 dart slugs
  6 orcs
  7 endoplasms
  A giant cockroach (D:3)
  7 goblins
  5 hobgoblins
  4 quokkas
  5 ball pythons
  3 bats
  3 frilled lizards
  6 kobolds
  5 rats
  A spectral goblin (D:4)
58 creatures vanquished.

Notes
Turn   | Place    | Note
-------+----------+-------------------------------------------
     0 | D:1      | billz999 the Octopode Brigand began the quest for the Orb.
     0 | D:1      | Reached XP level 1. HP: 14/14 MP: 1/1
   249 | D:1      | You fall into a shaft and drop 1 floor!
   422 | D:1      | Reached XP level 2. HP: 19/19 MP: 2/2
   474 | D:1      | Reached skill level 6 in Stealth
   754 | D:1      | Reached XP level 3. HP: 24/24 MP: 3/3
  1343 | D:2      | Found Hilaleix's Assorted Antiques.
  1586 | D:3      | Learned a level 1 spell: Necrotise
  1592 | D:3      | Found a transporter.
  1592 | D:3      | Noticed sirJeffrey23's ghost (amateur MfTm)
  1606 | D:3      | Found a transporter.
  1790 | D:3      | Found a glowing silver altar of Zin.
  1926 | D:3      | Reached XP level 4. HP: 29/29 MP: 4/4
  2005 | D:3      | Reached skill level 7 in Stealth
  2375 | D:4      | Noticed a black bear
  2391 | D:4      | Killed a black bear
  2392 | D:4      | Reached skill level 8 in Stealth
  2392 | D:4      | Reached XP level 5. HP: 34/34 MP: 5/5
  2474 | D:4      | Found a hazy altar of Hepliaklqana.
  2507 | D:4      | Became a worshipper of Hepliaklqana the Forgotten
  2554 | D:4      | Found a burning altar of Makhleb.
  2561 | D:4      | Noticed Duvessa
  2566 | D:4      | Noticed Dowan
  2574 | D:4      | Killed Duvessa
  2575 | D:4      | Reached skill level 9 in Stealth
  2575 | D:4      | Reached XP level 6. HP: 35/39 MP: 6/6
  2580 | D:4      | Killed from afar by Dowan

Illustrated notes

Levels and vault maps discovered:
D:1:      amcnicky_arrival_wind_blow, layout_loops_corners
D:2:      layout_loops_ring, serial_shops, nicolae_shop_crystal
D:3:      layout_loops_cross, amcnicky_altar_gilded, gammafunk_ghost_stat_death
D:4:      layout_cave_pods, lemuel_round_altar, lemuel_tele_altar,
          nicolae_hepliaklqana_monster_ancestors, kennysheep_flooded_box,
          uniq_pikel, uniq_pargi, uniq_duvessa

Skill      XL: |  1  2  3  4  5 |
---------------+----------------+-----
Stealth        | 6 8 9 |  9.6
Throwing       | 3 |  3.0
Fighting       | |  2.0
Short Blades   | |  2.0
Dodging        | |  1.0

Action                     |  1- 3 |  4- 6 || total
---------------------------+-------+-------++-------
  Melee: Dagger            |    39 |       ||    39
         Constrict         |     4 |     4 ||     8
         Tentacles         |     4 |     5 ||     9
         Short sword       |    15 |    28 ||    43
  Throw: Dart              |     9 |    28 ||    37
    Use: Scroll            |     1 |       ||     1
   Stab: Sleeping          |    23 |     2 ||    25
 Armour: Skin              |     5 |     3 ||     8
  Dodge: Dodged            |    16 |    12 ||    28

Table legend: (Time is in decaauts)
 A = Elapsed time spent in this place.
 B = Non-inter-level travel time spent in this place.
 C = Inter-level travel time spent in this place.
 D = Time resting spent in this place.
 E = Time spent auto-exploring this place.
 F = Levels seen in this place.
 G = Mean time per level.
                   A        B        C        D        E       F      G
               +--------+--------+--------+--------+--------+-----+--------+
         Total |   2565 |   2491 |     74 |      5 |   2016 |   4 |  641.2 |
       Dungeon |   2565 |   2491 |     74 |      5 |   2016 |   4 |  641.2 |
               +--------+--------+--------+--------+--------+-----+--------+

Top non-repeatable levels by time:
     D:1: 896 daAuts
     D:3: 751 daAuts
     D:2: 678 daAuts
     D:4: 238 daAuts
